 Dungeon Crawl Stone Soup version 0.25-a0-822-g6581751b11 (webtiles) character file.

Game seed: 7008161639210286111, levelgen mode: deterministic

69 AoiMiko the Magician (level 4, 0/24 HPs)
             Began as a Deep Elf Wizard on Apr 20, 2020.
             Succumbed to an adder's poison
             ... on level 2 of the Dungeon.
             The game lasted 02:03:58 (2256 turns).

AoiMiko the Magician (Deep Elf Wizard)              Turns: 2256, Time: 02:03:59

Health: 0/24       AC:  2    Str:  4    XL:     4   Next: 2%
Magic:  1/13       EV: 13    Int: 24    God:
Gold:   28         SH:  0    Dex: 13    Spells: 5/13 levels left

rFire    . . .     SeeInvis .   s - -2 hand axe (curse)
rCold    . . .     Gourm    .   (no shield)
rNeg     . . .     Faith    .   j - +0 robe {My first lovely robe}
rPois    .         Spirit   .   b - +0 hat {The starting wizard hat.}
rElec    .         Reflect  .   (no cloak)
rCorr    .         Harm     .   (no gloves)
MR       .....                  (no boots)
Stlth    ++........             (no amulet)
HPRegen  0.08/turn              (no ring)
MPRegen  0.13/turn              (no ring)

@: lethally poisoned (0 -> -2)
A: no striking features
a: no special abilities


You were on level 2 of the Dungeon.
You were hungry.

You visited 1 branch of the dungeon, and saw 2 of its levels.

You collected 28 gold pieces.

Inventory:

Hand Weapons
 c - a +0 club
 e - a +0 dagger
 f - a +0 mace
 g - a +0 hunting sling
 h - a +0 club
 s - a cursed -2 hand axe (weapon)
Missiles
 k - 29 bolts
 m - 6 atropa-tipped darts (quivered)
 n - 17 stones
 o - 20 sling bullets
Armour
 b - a +0 hat (worn) {The starting wizard hat.}
 j - a +0 robe (worn) {My first lovely robe}
 l - a +0 robe
 q - a +0 ring mail
Scrolls
 p - a scroll of fog {unknown}
 t - a scroll of remove curse {unknown}
Potions
 a - a potion of degeneration {unknown}
 r - a potion of haste {unknown}
Comestibles
 d - 6 rations


   Skills:
 - Level 0.3 Slings
 + Level 3.1 Dodging
 - Level 2.6 Stealth
 + Level 5.2 Spellcasting
 * Level 2.9 Conjurations
 - Level 1.1 Summonings
 - Level 1.1 Translocations


You had 5 spell levels left.
You knew the following spells:

 Your Spells              Type           Power        Failure   Level  Hunger
a - Magic Dart            Conj           ###.         2%          1    None
b - Call Imp              Summ           ##......     9%          2    None
c - Blink                 Tloc           N/A          9%          2    None
d - Conjure Flame         Conj/Fire      ##......     14%         3    ##.....

Your spell library contained the following spells:

 Spells                   Type           Power        Failure   Level  Hunger
 Slow                     Hex            #.......     13%         2    None
 Mephitic Cloud           Conj/Pois/Air  ##......     17%         3    ##.....


Dungeon Overview and Level Annotations

Branches:
Dungeon (2/15)

Altars:
Kikubaaqudgha


Message History

Confirm with . or Enter, or press ? or * to list all spells.
A beastly little devil appears in a puff of flame.
The adder bites you.
* * * LOW HITPOINT WARNING * * *
Things that are here:
a +0 whip x2; a jackal skeleton The adder bites you.
* * * LOW HITPOINT WARNING * * *
You are lethally poisoned!
The adder poisons you!
Your crimson imp blinks!
You are feeling hungry.
* * * LOW HITPOINT WARNING * * *
You feel sick. The adder barely misses you.
You see here a +0 whip.
* * * LOW HITPOINT WARNING * * *
You feel sick. The adder barely misses you.
You die...

#.#..# #># ##...#
######.#### ##..#
##.......... ### #..#
#.#......... #_# #..#
#.#........ #.# #..#
#.#.......
###.####..#########.#.....8
#≈...≈#.....S...# ##.#..)..
#≈...≈###.@####.# ##.#....
#≈...≈# #..# #)######.#...
#≈...≈# #..# #...)÷).#.###
#≈...≈# #..# #.######.#...
#≈...≈# #..# #.# #.#....
#≈...≈# #..# #.# #.#.....
#≈...≈# #).# #.# #.#......
###.### #..#######.#.......
#.# #....## #.#.......#


You could see an adder.

Vanquished Creatures
  8 bats
  2 giant cockroaches
  A hobgoblin (D:1)
  A kobold (D:1)
  2 frilled lizards (D:1)
  2 goblins (D:1)
16 creatures vanquished.

Vanquished Creatures (collateral kills)
  5 gnolls (D:2)
  An ooze (D:1)
  A worm (D:2)
  A dart slug (D:1)
  2 ball pythons
  A bat zombie (D:2)
  5 goblins
  5 hobgoblins
  4 jackals (D:2)
  2 kobolds
  2 quokkas (D:2)
  4 rats
  A rat zombie (D:2)
34 creatures vanquished.

Grand Total: 50 creatures vanquished

Notes
Turn   | Place    | Note
-------+----------+-------------------------------------------
     0 | D:1      | AoiMiko the Deep Elf Wizard began the quest for the Orb.
     0 | D:1      | Reached XP level 1. HP: 10/10 MP: 7/7
   577 | D:1      | Reached XP level 2. HP: 15/15 MP: 7/9
   581 | D:1      | Learned a level 2 spell: Call Imp
  1462 | D:2      | Reached XP level 3. HP: 18/19 MP: 3/11
  1469 | D:2      | Found an ancient bone altar of Kikubaaqudgha.
  1558 | D:2      | Reached skill level 5 in Spellcasting
  1867 | D:2      | Learned a level 2 spell: Blink
  1871 | D:2      | Learned a level 3 spell: Conjure Flame
  2029 | D:2      | Reached XP level 4. HP: 13/24 MP: 5/13
  2252 | D:2      | HP: 1/24 [poisoned by an adder]
  2256 | D:2      | Succumbed to an adder's poison

Levels and vault maps discovered:
D:1:      scummos_arrival_hexagon, layout_rooms
D:2:      wad_pebble_path, layout_loops_ring, lemuel_zombie_altar_kikubaaqudgha,
          lemuel_doored_altar, first_ration, st_stairs_11, skrybe_limestone_x

Skill      XL: |  1  2  3 |
---------------+----------+-----
Conjurations   | 2 |  2.9
Spellcasting   | 5 |  5.2
Dodging        | 3 |  3.1
Slings         | |  0.3
Stealth        | |  2.6
Summonings     | |  1.1
Translocations | |  1.1

Action                   |  1- 3 |  4- 6 || total
-------------------------+-------+-------++-------
Melee: Dagger            |     1 |       ||     1
       Hunting sling     |     1 |       ||     1
       Hand axe          |       |     1 ||     1
 Fire: Hunting sling     |     1 |       ||     1
Throw: Dart              |     3 |       ||     3
 Cast: Magic Dart        |    38 |       ||    38
       Call Imp          |    39 |     6 ||    45
       Blink             |     3 |     4 ||     7
       Conjure Flame     |     1 |       ||     1
  Use: Potion            |     2 |       ||     2
       Scroll            |     1 |       ||     1
  Eat: Ration            |     1 |       ||     1
Armor: Robe              |    10 |     2 ||    12
Dodge: Dodged            |    44 |    14 ||    58

Table legend:
 A = Non-vault XP
 B = Vault XP
 C = Vault XP percentage of total XP
 D = Non-vault monster count
 E = Vault monster count
 F = Vault count percentage of total count
                 A         B        C        D         E       F
            +---------+---------+-------+---------+---------+-------
      Total |      94 |       5 |   5.1 |      46 |       4 |   8.0
            +---------+---------+-------+---------+---------+-------
        D:1 |      31 |       0 |   0.0 |      20 |       0 |   0.0
        D:2 |      63 |       5 |   7.4 |      26 |       4 |  13.3
            +---------+---------+-------+---------+---------+-------
